AoeStats
← Barón de la Cerveza

Arena

505119989Analyzed
1v1 RM · 26d ago on Sep 7, 2026· 28m 37s· 2 players
Game mode
Random Map
Map size
Tiny (2 player)
Population
200
Speed
Normal
Resources
Standard
Victory
Conquest
Starting age
Dark Age
Ending age
Imperial Age
RankedLock teamsTeams togetherTeam positionsShared explorationLock speedFull tech treeHidden civsTurbo modeCheats
Victory
Defeat
🇧🇷 Bengalis · Brazil
1705
+23
1859
-23
Fs.Costinha
9:49 Feudal Age
8:42 Loom
13:20 Castle Age
11:36 Double-Bit Axe
18:47 Sanctity
18:48 Atonement
21:30 Sanctity
22:46 Devotion
26:01 Fletching
Barón de la Cerveza
4:46 Double-Bit Axe
6:54 Horse Collar
11:20 Feudal Age
15:29 Castle Age
15:22 Gold Mining
16:40 Gold Shaft Mining
16:18 Bow Saw
17:28 Sanctity
18:10 Devotion
20:00 Redemption
19:55 Atonement
25:30 Loom
25:31 Light Cavalry
Connection lost

Rejoining the realm…

Still unreachable

The connection could not be restored.

Session expired

The server has moved on; the page needs a fresh start.